 Dungeon Crawl Stone Soup version 0.18-a0-705-g580043c (webtiles) character file.

3523 George the Carver (level 9, -2/65 HPs)
             Began as a Demonspawn Fighter on Dec 7, 2015.
             Was a Believer of Okawaru.
             Killed from afar by Erolcha (10 damage)
             ... with a bolt of fire
             ... on level 8 of the Dungeon.
             The game lasted 00:16:12 (6563 turns).

George the Carver (Demonspawn Fighter)              Turns: 6563, Time: 00:16:13

Health: -2/65      AC: 16    Str: 18    XL:     9   Next: 81%
Magic:  12/12      EV:  6    Int: 10    God:    Okawaru [**....]
Gold:   293        SH: 10    Dex: 14    Spells: 1 memorised, 7 levels left

rFire  + . .     SeeInvis .     a - +1 long sword
rCold  . . .     Clarity  .     D - +0 shadow dragon armour
rNeg   + . .     SustAt   .     c - +1 shield
rPois  .         Gourm    .     R - +2 helmet
rElec  .         Spirit   .     O - +0 cloak
rCorr  .         Dismiss  .     (no gloves)
rMut   .         Stasis   .     (no boots)
MR     .....                    (no amulet)
Stlth  ++........               K - ring of protection from fire
                                x - ring of positive energy

@: not resistant to hostile enchantments, unstealthy
A: talons 2, foul stench 1, powered by death 1, rot immunity
a: Heroism, Renounce Religion


You were on level 8 of the Dungeon.
You worshipped Okawaru.
Okawaru was pleased with you.
You were not hungry.

You visited 2 branches of the dungeon, and saw 9 of its levels.
You also visited: Sewer.

You collected 293 gold pieces.

Inventory:

Hand Weapons
 a - a +1 long sword (weapon)
Armour
 c - a +1 shield (worn)
 D - a +0 shadow dragon armour (worn)
 O - a +0 cloak (worn)
 R - a +2 helmet (worn)
Jewellery
 x - a ring of positive energy (left hand)
 K - a ring of protection from fire (right hand)
 N - an uncursed ring of ice
Wands
 r - a wand of invisibility (3)
 y - a wand of confusion (8)
 E - a wand of magic darts (0)
 F - a wand of hasting (5)
Scrolls
 p - 3 scrolls of teleportation
 z - a scroll of enchant armour
 A - a scroll of remove curse
 I - a scroll of amnesia
 J - 2 scrolls of recharging
 L - a scroll of magic mapping
Potions
 d - a potion of might
 f - 5 potions of curing
 g - 5 potions of haste
 v - 2 potions of heal wounds
 w - 3 potions of flight
 G - a potion of cancellation
 H - a potion of invisibility
 M - a potion of ambrosia
Comestibles
 e - 7 bread rations
 u - 2 meat rations
 B - 5 fruits
 Q - a beef jerky


   Skills:
 + Level 4.2 Fighting
 + Level 11.0 Long Blades
 + Level 3.9 Armour
 + Level 2.7 Dodging
 + Level 4.1 Shields
 + Level 4.0 Invocations


You had 7 spell levels left.
You knew the following spells:

 Your Spells              Type           Power        Failure   Level  Hunger
a - Summon Butterflies    Summ           #.......     100%        1    ##.....


Dungeon Overview and Level Annotations

Branches:
Dungeon (8/15)             Temple (1/1) D:6
   Lair: D:8-11

Altars:
Ashenzari
Elyvilon
Fedhas
Gozag
Kikubaaqudgha
Makhleb
Nemelex Xobeh
Okawaru
Qazlal
Ru
Sif Muna
Trog
Vehumet
Xom
Yredelemnul
Zin
The Shining One

Annotations:
D:3 exclusion: oklob plant
D:8 Erolcha


Innate Abilities, Weirdness & Mutations

You have razor-sharp toenails.
You may emit foul miasma when damaged in melee.
You regenerate a little health from kills.
You are immune to rotting.


Message History

Evoking this partially-identified wand wasted a few charges.
Evoke which item? (* to show all) (? for menu, Esc to quit)
Zapping:
E - a wand of magic darts {zapped: 12} (will waste charges)
Press: ? - help, Shift-Dir - straight line, f/p - Erolcha
Aim: Erolcha, wielding a giant club and wearing a robe (moderately wounded) Nothing appears to happen.
Erolcha casts a spell.
Erolcha blinks!
Evoke which item? (* to show all) (? for menu, Esc to quit)
This wand has no charges.
Unknown command.
Erolcha points at you and mumbles some strange words.
The crystal spear hits you!
Ouch! That really hurt!
* * * LOW HITPOINT WARNING * * *
Erolcha screams, "DIE!"
There is an open door here.
Erolcha gestures at you while chanting. The bolt of fire hits you! You resist.
You die...

#....#.........
#####....##.#############
#.........#'#######.....#
#.........#.......'.O...#
#.........#......O#.....#
#.........#'####..#.....#
###########..###..#######
#......#...)....#
#.(....#@.......#
#......'.......(#
#......#........#
#################


You could see Erolcha.

Vanquished Creatures
  Pikel (D:5)
  Sigmund (D:4)
  6 yaks (D:7)
  Edmund (D:4)
  Menkaure (D:6)
  A hungry ghost (D:6)
  A water moccasin (D:6)
  2 phantoms
  A necrophage (D:7)
  2 centaurs
  2 slaves (D:5)
  An ogre (D:4)
  A giant frog (D:7)
  A gnoll sergeant (D:8)
  A big kobold (Sewer)
  2 scorpions
  2 crimson imps
  2 orc priests (D:4)
  A hound (D:7)
  An orc wizard (D:4)
  A centaur skeleton (D:6)
  2 giant frog skeletons
  2 iguanas
  4 worker ants
  A hound skeleton (D:6)
  A worker ant zombie (D:7)
  Robin (D:3)
  8 gnolls
  3 river rats
  2 shadow imps
  8 adders
  2 oozes
  A worm (D:4)
  4 giant geckos
  10 orcs
  7 giant cockroaches
  8 hobgoblins
  13 jackals
  3 quokkas
  6 ball pythons
  13 bats
  5 giant newts
  14 goblins
  9 kobolds
  A quokka zombie (D:5)
  10 rats
  4 rat zombies (D:4)
174 creatures vanquished.

Vanquished Creatures (others)
  A worker ant zombie (D:5)
  17 toadstools (D:3)
18 creatures vanquished.

Grand Total: 192 creatures vanquished

Notes
Turn   | Place    | Note
--------------------------------------------------------------
     0 | D:1      | George the Demonspawn Fighter began the quest for the Orb.
     0 | D:1      | Reached XP level 1. HP: 18/18 MP: 1/1
   517 | D:1      | Gained mutation: You have sharp toenails. [demonic ancestry]
   517 | D:1      | Reached XP level 2. HP: 12/24 MP: 2/2
   914 | D:2      | Reached XP level 3. HP: 10/29 MP: 3/3
  1407 | D:2      | Found a shattered altar of Ashenzari.
  1431 | D:2      | Found a faded altar to an unknown god.
  1777 | D:3      | Found a white marble altar of Elyvilon.
  1853 | D:3      | Gained mutation: You regenerate a little health from kills. [demonic ancestry]
  1853 | D:3      | Reached XP level 4. HP: 33/35 MP: 4/4
  1946 | D:3      | Reached skill level 4 in Long Blades
  2213 | D:3      | Noticed Robin
  2262 | D:3      | Killed Robin
  2456 | D:3      | Reached XP level 5. HP: 41/41 MP: 5/5
  2489 | D:3      | Found a blossoming altar of Fedhas.
  2504 | D:3      | Noticed an oklob plant
  2775 | D:4      | Reached skill level 5 in Long Blades
  3080 | D:4      | Gained mutation: You have razor-sharp toenails. [demonic ancestry]
  3080 | D:4      | Reached XP level 6. HP: 41/47 MP: 6/6
  3120 | D:4      | Reached skill level 6 in Long Blades
  3288 | D:4      | Found a sparkling altar of Nemelex Xobeh.
  3386 | D:4      | Noticed Sigmund
  3405 | D:4      | Noticed Edmund
  3407 | D:4      | Killed Sigmund
  3407 | D:4      | Reached skill level 7 in Long Blades
  3407 | D:4      | Gained mutation: You are immune to rotting. [demonic ancestry]
  3407 | D:4      | Reached XP level 7. HP: 32/52 MP: 7/7
  3428 | D:4      | Killed Edmund
  3428 | D:4      | Reached skill level 8 in Long Blades
  3641 | D:4      | Found an ancient bone altar of Kikubaaqudgha.
  3700 | D:5      | Entered Level 5 of the Dungeon
  3788 | D:5      | Reached XP level 8. HP: 29/58 MP: 8/8
  3878 | D:5      | Noticed Pikel
  3954 | D:5      | Killed Pikel
  3954 | D:5      | Reached skill level 9 in Long Blades
  4232 | D:5      | Found a glowing drain.
  4240 | D:5      | Reached skill level 10 in Long Blades
  4253 | Sewer    | Entered a sewer
  4365 | Sewer    | Found a glowing silver altar of Zin.
  4439 | D:5      | Learned a level 1 spell: Summon Butterflies
  4772 | D:6      | Noticed Menkaure
  4791 | D:6      | Killed Menkaure
  4988 | D:6      | Found a staircase to the Ecumenical Temple.
  4997 | Temple   | Entered the Ecumenical Temple
  5190 | Temple   | Became a worshipper of Warmaster Okawaru
  5347 | D:6      | Gained mutation: You may emit foul miasma when damaged in melee. [demonic ancestry]
  5347 | D:6      | Reached XP level 9. HP: 42/63 MP: 9/9
  5500 | D:6      | Found a deep blue altar of Sif Muna.
  5683 | D:7      | Reached skill level 1 in Invocations
  5696 | D:7      | Reached skill level 1 in Dodging
  5718 | D:7      | Reached * piety under Okawaru
  5966 | D:7      | Reached skill level 11 in Long Blades
  6191 | D:7      | Reached ** piety under Okawaru
  6547 | D:8      | Noticed Erolcha
  6563 | D:8      | Killed from afar by Erolcha

Vault maps used:
D:1:      lightli_arrival_flooded_house
D:2:      ashenzari_altar_1, ecumenical_altar_1, serial_bayou_pond_d,
          st_stairs_13
D:3:      elyvilon_altar_5, first_bread, tgw_fedhas, uniq_robin
D:4:      lemuel_zombie_altar_kikubaaqudgha, nicolae_overflow_crystal_walls,
          sigmund_edmund_badplayer
D:5:      portal_sewer_entry_e, eino_small_chamber_without_monster, uniq_edmund,
          uniq_pikel
D:6:      kennysheep_mini, minmay_temple_entry_hall, uniq_menkaure
D:7:      moated_statue
D:8:      cheibriados_altar_1, serial_shops, nicolae_shop_trees, the_bakery,
          uniq_erolcha, uniq_erica
Temple:   dpeg_five_rooms_temple_12
Sewer:    sewer_kobolds

Action                   |  1- 3 |  4- 6 |  7- 9 || total
-------------------------+-------+-------+-------++-------
Melee: Long sword        |   173 |   266 |   471 ||   910
Evoke: Wand              |       |       |     4 ||     4
  Use: Scroll            |     7 |     6 |     8 ||    21
 Stab: Sleeping          |       |       |     2 ||     2
  Eat: Chunk             |     3 |     6 |     7 ||    16
       Meat ration       |       |       |     1 ||     1
       Fruit             |       |       |     1 ||     1
       Beef jerky        |       |       |     1 ||     1
